 Dungeon Crawl Stone Soup version 0.30-a0-715-gdb4ae3ece1 (console) character file.

Game seed: 8191746954311907771

69 Ignak the Ogre Mage (level 4, -7/41 HPs)
             Began as an Ogre Hedge Wizard on Jan 24, 2023.
             Killed from afar by Natasha (9 damage)
             ... with a magic dart
             ... on level 2 of the Dungeon.
             The game lasted 00:06:36 (1580 turns).

Ignak the Ogre Mage (Ogre Hedge Wizard)             Turns: 1580, Time: 00:06:37

Health: -7/41      AC:  3    Str: 16    XL:     4   Next: 20%
Magic:  6/9        EV:  9    Int: 15    God:
Gold:   38         SH:  0    Dex:  8    Spells: 2/10 levels left

rFire   . . .      SeeInvis .    l - +0 club
rCold   . . .      Faith    .    (no shield)
rNeg    . . .      Spirit   .    b - +0 robe
rPois   +          Reflect  .    c - +0 hat
rElec   .          Harm     .    (no cloak)
rCorr   .          Rampage  .    (gloves unavailable)
Will    .....                    (boots unavailable)
Stlth   +                        (no amulet)
HPRegen 0.26/turn                m - ring of poison resistance
MPRegen 0.11/turn                (no ring)

@: very slightly contaminated
A: large, unfitting armour, tough skin 1
a: no special abilities


You were on level 2 of the Dungeon.
You visited 1 branch of the dungeon, and saw 3 of its levels.

You collected 71 gold pieces.
You spent 33 gold pieces at shops.

Inventory:

Hand Weapons
 l - a +0 club (weapon)
Missiles
 o - 2 poisoned darts
Armour
 b - a +0 robe (worn)
 c - a +0 hat (worn)
Jewellery
 m - a ring of poison resistance (left hand)
Scrolls
 e - a scroll of identify {unknown}
 f - a scroll of enchant weapon {unknown}
 i - 4 scrolls of teleportation {unknown}
 k - a scroll of blinking {unknown}
 n - 3 scrolls of poison {unknown}
Potions
 a - a potion of curing
 d - a potion of magic
 g - a potion of mutation {unknown}
 h - a potion of lignification {unknown}
 j - a potion of might {unknown}


   Skills:
 + Level 1.3 Fighting
 + Level 0.8 Armour
 + Level 2.1 Dodging
 - Level 1.4 Stealth
 + Level 0.8 Unarmed Combat
 + Level 3.9 Spellcasting
 + Level 1.3 Conjurations
 + Level 1.3 Summonings
 + Level 1.3 Translocations
 + Level 0.4 Transmutations


You had 2 spell levels left.
You knew the following spells:

 Your Spells              Type           Power      Damage    Failure   Level
a - Magic Dart            Conj           24%        1d4       11%         1
b - Blink                 Tloc           12%        N/A       16%         2
e - Call Imp              Summ           6%         N/A       16%         2
x - Wereblood             Tmut           4%         N/A       22%         2
z - Beastly Appendage     Tmut           8%         N/A       16%         1

Your spell library contained the following spells:

 Spells                   Type           Power      Damage    Failure   Level
 Slow                     Hex            8%         N/A       19%         1
 Cigotuvi's Dreadful Rot  Necr/Pois/Air  4%         N/A       28%         2
 Sublimation of Blood     Necr           2%         N/A       28%         2
 Mephitic Cloud           Conj/Pois/Air  4%         N/A       41%         3
 Spider Form              Tmut/Pois      3%         N/A       45%         3
 Summon Hydra             Summ           3%         N/A       100%        7


Dungeon Overview and Level Annotations

Branches:
Dungeon (3/15)

Altars:
Vehumet

Shops:
D:1 :   D:3 !

Annotations:
D:2 Natasha


Innate Abilities, Weirdness & Mutations

You are too large for most types of armour.
You have tough skin. (AC +1)


Message History

You barely miss Natasha.
Natasha is moderately wounded.
Your shadow imp hits the shadow imp.
The shadow imp hits you.
Natasha zaps a wand.
The puff of flame hits you!
Your shadow imp closely misses the shadow imp.
The shadow imp hits you.
Your shadow imp barely misses Natasha.
The shadow imp shouts, "Back with thee, thou dissembling rude-growing pissant!"
The shadow imp hits you.
Natasha zaps a wand.
The puff of flame hits you.
The now-empty wand crumbles to dust.
Your shadow imp barely misses Natasha.
The shadow imp gestures at you. Pain shoots through your body!
* * * LOW HITPOINT WARNING * * *
Okay, then.
Casting: Call Imp (safe; 16% risk of failure)
Confirm with . or Enter, or press ? or * to list all spells.
Okay, then.
Press: ? - help, v - describe, . - travel
Here: a shadow imp (lightly wounded, summoned)
The floor.
Press: ? - help, v - describe, . - travel
Here: Natasha (moderately wounded, ally target)
The floor.
Your shadow imp barely misses the shadow imp.
The shadow imp shouts, "Out, out, thou clouted two-tin-hat gonus!"
Casting: Call Imp (safe; 16% risk of failure)
Confirm with . or Enter, or press ? or * to list all spells.
You don't know that spell.
Casting: Call Imp (safe; 16% risk of failure)
Confirm with . or Enter, or press ? or * to list all spells.
Okay, then.
Casting: Call Imp (safe; 16% risk of failure)
Confirm with . or Enter, or press ? or * to list all spells.
You miscast Blink.
You are very lightly contaminated with residual magic.
Nothing appears to happen.
Something hits your shadow imp.
Natasha stares at you and mumbles some strange words.
The magic dart hits you!
You die...

#.# #.........#.......#
##.######.###...#.#####.###
#.........##......# #.#
#.###.###.###...#.#####.#
#.# #.# #.# #....††.....#
#.# #.###.###..##.#######
#.# #..........##.# #.#
#####.####.##.#
#.#######....@....#
#.........####h####
########### ##.########
#.5.......# #..######..
#........# #.##..##.# ..
#... $. .. .... ##


You could see Natasha (ally target) and a friendly shadow imp (summoned).

Vanquished Creatures
  2 adders (D:2)
  3 ball pythons (D:1)
  3 endoplasms (D:1)
  A goblin (D:1)
  2 jackals (D:1)
  A quokka (D:1)
  A bat (D:1)
  3 frilled lizards (D:1)
  3 kobolds (D:1)
  A rat (D:1)
20 creatures vanquished.

Vanquished Creatures (collateral kills)
  Terence (D:2)
  An endoplasm (D:1)
  2 hobgoblins (D:2)
  2 quokkas
  A frilled lizard (D:1)
7 creatures vanquished.

Grand Total: 27 creatures vanquished

Notes
Turn   | Place    | Note
-------+----------+-------------------------------------------
     0 | D:1      | Ignak the Ogre Hedge Wizard began the quest for the Orb.
     0 | D:1      | Reached XP level 1. HP: 16/16 MP: 5/5
   276 | D:1      | Found Hicke's Vocational Training.
   308 | D:1      | Reached skill level 1 in Conjurations
   308 | D:1      | Reached skill level 1 in Summonings
   308 | D:1      | Reached skill level 1 in Translocations
   331 | D:1      | Reached XP level 2. HP: 22/26 MP: 4/6
   346 | D:1      | Learned a level 2 spell: Blink
   349 | D:1      | Learned a level 2 spell: Call Imp
   352 | D:1      | Learned a level 2 spell: Wereblood
   782 | D:1      | Learned a level 1 spell: Beastly Appendage
   937 | D:2      | Found a radiant altar of Vehumet.
  1000 | D:2      | Reached XP level 3. HP: 23/32 MP: 2/8
  1050 | D:2      | You fall into a shaft and drop 1 floor!
  1050 | D:3      | Found Pauzaele's Distillery.
  1054 | D:3      | Bought a potion of curing for 33 gold pieces
  1130 | D:2      | Noticed Terence
  1177 | D:2      | Killed Terence
  1178 | D:2      | Reached skill level 1 in Fighting
  1178 | D:2      | Reached XP level 4. HP: 5/41 MP: 0/9
  1568 | D:2      | Noticed Natasha
  1578 | D:2      | HP: 2/41 [shadow imp/nerve-wracking pain[Natasha] (14)]
  1580 | D:2      | Killed from afar by Natasha

Illustrated notes

Levels and vault maps discovered:
D:1:      heliophobic_arrival_enchanted_forest, layout_rooms,
          chequers_arboretum, nicolae_shop_vocational
D:2:      layout_loops_corners, basic_altar, uniq_jessica, uniq_natasha,
          uniq_terence
D:3:      layout_rooms, serial_shops, nicolae_shop_advertising_works
          [nicolae_subvault_shop_adworks], chequers_serial_rivers_micro_c

Skill      XL: |  1  2  3 |
---------------+----------+-----
Conjurations   | 1 |  1.3
Summonings     | 1 |  1.3
Translocations | 1 |  1.3
Dodging        | 2 |  2.1
Fighting       | 1 |  1.3
Armour         | |  0.8
Stealth        | |  1.4
Unarmed Combat | |  0.8
Spellcasting   | |  3.9
Transmutations | |  0.4

Action                     |  1- 3 |  4- 6 || total
---------------------------+-------+-------++-------
  Melee: Short sword       |    72 |       ||    72
         Dagger            |    10 |       ||    10
         Punch             |     2 |       ||     2
         Club              |    23 |    14 ||    37
         Kick              |     4 |       ||     4
         Headbutt          |     4 |       ||     4
   Cast: Magic Dart        |     9 |       ||     9
         Call Imp          |     9 |     3 ||    12
         Wereblood         |     3 |       ||     3
         Beastly Appendage |     2 |       ||     2
   Stab: Sleeping          |     1 |       ||     1
 Armour: Robe              |    32 |     5 ||    37
  Dodge: Dodged            |    58 |     9 ||    67

Table legend: (Time is in decaauts)
 A = Elapsed time spent in this place.
 B = Non-inter-level travel time spent in this place.
 C = Inter-level travel time spent in this place.
 D = Time resting spent in this place.
 E = Time spent auto-exploring this place.
 F = Levels seen in this place.
 G = Mean time per level.
                   A        B        C        D        E       F      G
               +--------+--------+--------+--------+--------+-----+--------+
         Total |   1589 |   1583 |      6 |    268 |    779 |   3 |  529.7 |
       Dungeon |   1589 |   1583 |      6 |    268 |    779 |   3 |  529.7 |
               +--------+--------+--------+--------+--------+-----+--------+

Top non-repeatable levels by time:
     D:1: 929 daAuts
     D:2: 645 daAuts
     D:3: 14 daAuts
